 Dungeon Crawl Stone Soup version 0.28.0-43-g3370ac3207 (webtiles) character file.

Game seed: 2421277063857220208

118913 demenzo the Wrestler (level 15, -10/158 HPs)
             Began as a Troll Monk on Mar 10, 2022.
             Was the Champion of Jiyva.
             Mangled by a pharaoh ant (32 damage)
             ... on level 1 of the Spider Nest.
             The game lasted 00:44:06 (21460 turns).

demenzo the Wrestler (Troll Monk)                  Turns: 21460, Time: 00:44:07

Health: -10/158    AC: 18    Str: 29    XL:     15   Next: 96%
Magic:  23/23      EV:  9    Int:  6    God:    Jiyva [******]
Gold:   1335       SH:  8    Dex: 14    Spells: 14/14 levels left

rFire   + . .      SeeInvis .     - Unarmed
rCold   . . .      Faith    .   I - +0 kite shield
rNeg    + . .      Spirit   .   x - +1 pearl dragon scales
rPois   +          Reflect  .   (helmet restricted)
rElec   .          Harm     .   s - +0 cloak
rCorr   +          Rampage  .   (gloves unavailable)
Will    ++++.                   (boots unavailable)
Stlth   ++........              p - amulet of the acrobat
HPRegen 2.76/turn               v - ring of Baty {Contam rF+ Will+ MP+9}
MPRegen 0.68/turn               e - ring of poison resistance

@: studying Necromancy
A: large, unfitting armour, claws 3, regeneration 1, shaggy fur 1, tough skin 1,
agile 1, strong-willed 2, sense surroundings 3, gelatinous body 1, translucent
skin 1, sturdy frame 1, engulf, noise suppression
}: 1/15 runes: slimy
a: Renounce Religion, Oozemancy, Slimify


You were on level 1 of the Spider Nest.
You worshipped Jiyva.
Jiyva was exalted by your worship.
You visited 5 branches of the dungeon, and saw 28 of its levels.
You also visited: Sewer.

You collected 1335 gold pieces.

Inventory:

Hand Weapons
 a - a +1 hunting sling of flaming
Missiles
 c - 2 datura-tipped darts
 i - 117 sling bullets
 j - 190 bolts
 C - 7 curare-tipped darts (quivered)
 F - 43 poisoned darts
 K - 5 boomerangs
 S - 3 throwing nets
Armour
 s - a +0 cloak (worn)
 x - +1 pearl dragon scales (worn)
 I - a +0 kite shield (worn)
Jewellery
 e - a ring of poison resistance (right claw)
 g - the ring of Isame {Fire Str+2 Slay+3}
   (You found it on level 5 of the Pits of Slime)

   [ring of fire]

   It enhances your fire magic.
   Str:       It affects your strength (+2).
   Slay:      It affects your accuracy & damage with ranged weapons and melee
   (+3).
   rF:        It protects you from fire.
   rC:        It makes you vulnerable to cold.
 p - an amulet of the acrobat (around neck)
 t - a +6 ring of intelligence
 v - the ring of Baty (left claw) {Contam rF+ Will+ MP+9}
   (You found it on level 5 of the Pits of Slime)

   [ring of magical power]

   rF:        It protects you from fire.
   MP:        It affects your magic capacity (+9).
   Contam:    It causes magical contamination when unequipped.
   Will:      It increases your willpower.
 P - a +4 ring of evasion
 V - a ring of fire
Wands
 m - a wand of paralysis (17)
 z - a wand of acid (9)
 A - a wand of polymorph (6)
 H - a wand of flame (72)
 N - a wand of mindburst (20)
 R - a wand of iceblast (17)
Scrolls
 l - a scroll of brand weapon
 n - 2 scrolls of magic mapping
 o - 2 scrolls of silence
 y - 2 scrolls of fog
 L - 5 scrolls of blinking
 U - a scroll of holy word
 Y - a scroll of enchant weapon
 Z - 7 scrolls of teleportation
Potions
 d - 3 potions of mutation
 f - 2 potions of haste
 h - a potion of magic {unknown}
 k - 2 potions of might
 q - 6 potions of curing
 r - 8 potions of attraction
 u - 5 potions of lignification
 B - 5 potions of brilliance
 D - 2 potions of cancellation
 E - 4 potions of invisibility
 G - 4 potions of heal wounds
 J - 2 potions of degeneration {unknown}
 M - 2 potions of berserk rage {unknown}
 O - a potion of resistance {unknown}
 T - 10 potions of ambrosia
 X - a potion of flight {unknown}
Miscellaneous
 b - a box of beasts
 w - a piece from Xom's chessboard (15/15)


   Skills:
 + Level 12.8 Fighting
 + Level 6.2 Armour
 - Level 4.0 Dodging
 - Level 1.0 Stealth
 + Level 3.2 Shields
 * Level 22.8 Unarmed Combat


You had 14 spell levels left.
You didn't know any spells.
Your spell library contained the following spells:

 Spells                   Type           Power      Damage    Failure   Level
 Animate Skeleton         Necr           0%         N/A       91%         1
 Apportation              Tloc           0%         N/A       91%         1
 Freeze                   Ice            0%         1d3       91%         1
 Pain                     Necr           0%         1d4       91%         1
 Shock                    Conj/Air       0%         1d3       91%         1
 Summon Small Mammal      Summ           0%         N/A       91%         1
 Corpse Rot               Necr/Air       0%         N/A       97%         2
 Poisonous Vapours        Pois/Air       0%         N/A       97%         2
 Call Canine Familiar     Summ           0%         N/A       99%         3
 Frozen Ramparts          Ice            0%         1d2       99%         3
 Summon Guardian Golem    Hex/Summ       0%         N/A       99%         3
 Swiftness                Air            0%         N/A       99%         3
 Tukima's Dance           Hex            0%         N/A       99%         3
 Vampiric Draining        Necr           0%         2d6       99%         3
 Airstrike                Air            0%         N/A       100%        4
 Anguish                  Hex/Necr       0%         N/A       100%        4
 Hailstorm                Conj/Ice       0%         3d3       100%        4
 Olgreb's Toxic Radiance  Pois           0%         N/A       100%        4
 Passage of Golubria      Tloc           0%         N/A       100%        4
 Alistair's Intoxication  Tmut/Pois      0%         N/A       100%        5
 Fireball                 Conj/Fire      0%         3d3       100%        5
 Iskenderun's Battlesphe  Conj           0%         2d6       100%        5
 Yara's Violent Unravell  Hex/Tmut       0%         3d3       100%        5
 Conjure Ball Lightning   Conj/Air       0%         3x3d6     100%        6
 Iron Shot                Conj/Erth      0%         9d1       100%        6
 Enfeeble                 Hex            0%         N/A       100%        7
 Orb of Destruction       Conj           0%         9d5       100%        7
 Ozocubu's Refrigeration  Ice            0%         4d5       100%        7
 Spellforged Servitor     Conj/Summ      0%         N/A       100%        7
 Ignition                 Fire           0%         3d3       100%        8


Dungeon Overview and Level Annotations

Branches:
Dungeon (15/15)            Temple (1/1) D:7            Lair (6/6) D:9
 Shoals (0/4) Lair:3       Spider (1/4) Lair:2        Slime (5/5) Lair:6
    Orc (0/2) D:12         Vaults (0/5) D:13         Depths (0/4) D:15
  Sewer (visited)

Altars:
Ashenzari
Cheibriados
Dithmenos
Elyvilon
Fedhas
Gozag
Hepliaklqana
Kikubaaqudgha
Makhleb
Nemelex Xobeh
Okawaru
Qazlal
Ru
Sif Muna
Trog
Uskayaw
Vehumet
Wu Jian
Xom
Yredelemnul
Zin
The Shining One
Beogh
Jiyva

Shops:
D:1 (

Annotations:
Lair:4 3 runed translucent doors, vvl's ghost, journeyman DrVM
Slime:5 Royal Jelly


Innate Abilities, Weirdness & Mutations

You are too large for most types of armour.
You have claws for hands.
Your natural rate of healing is unusually fast.
You are covered in fur. (AC +1)
You have tough skin. (AC +1)
You are agile. (Dex +2)
You are highly strong-willed. (Will++)
You passively map a large area around you.
Your rubbery body absorbs attacks. (AC +1, EV +1)
Your translucent skin slightly reduces your foes' accuracy. (Stealth+)
Your movements are slightly less encumbered by armour. (ER -2)
Your melee attacks may engulf your foes in ooze.
You passively dampen the noise of your surroundings.


Message History

You are too confused!
Unknown command.
You are too confused!
You feel better.
The tarantella's soul is no longer bound.
The pharaoh ant closely misses you. The tarantella touches you.
You are confused.
The redback simulacrum barely misses you.
The tarantella barely misses you. The redback simulacrum bites you.
The redback simulacrum freezes you! The tarantella touches you.
The pharaoh ant bites you!
The redback simulacrum bites you but does no damage.
You are too injured to fight recklessly!
Unknown command.
Unknown command.
Unknown command.
Unknown command.
The redback simulacrum completely misses you.
A culicivora comes into view.
You bump into the rock wall.
The jumping spider leaps!
The tarantella touches you!
The redback simulacrum closely misses you.
The redback simulacrum bites you. The redback simulacrum freezes you!!
* * * LOW HITPOINT WARNING * * *
The jumping spider pounces on you!
* * * LOW HITPOINT WARNING * * *
The jumping spider closely misses you. The tarantella barely misses you.
Unknown command.
You feel better.
You block the redback simulacrum's attack.
The pharaoh ant bites you but does no damage.
The redback simulacrum bites you.
* * * LOW HITPOINT WARNING * * *
The redback simulacrum freezes you!!
* * * LOW HITPOINT WARNING * * *
You block the jumping spider's attack. The jumping spider closely misses you.
The tarantella touches you.
* * * LOW HITPOINT WARNING * * *
The pharaoh ant bites you!!
You die...

* * ^...# *, *.. ,
, #.#.^#, ** , . ..
** ,>#.^..,** ###.
. ,####......, ,
##.#>.#.##../.....[
#..^....#.......#*
, *
#..^.###.s..°...# ,
* *
#....#.##Bs##....#
,
###....#@Z^#####..
##.##...s.Z..#, , *
#..#.....##s.# * ,
#..#...#.# ...#, ,
##......###*...#* ,
, #.#...### ....#
*, ###.#...^####
#...# ^ ,,*
#....^....#.##....#
, ###
##............##...
,,, *


You could see a culicivora, a pharaoh ant, a jumping spider, 2 tarantellas and 2
redback simulacra.

Vanquished Creatures
  Gastronok (Lair:1)
  An emperor scorpion (Spider:1)
  A demonspawn black sun (D:14)
  An ettin (D:15)
  2 hydras
  4 boulder beetles
  A rakshasa (D:11)
  Harold (D:9)
  A catoblepas (Lair:4)
  A death knight (D:14)
  9 centaur warriors
  3 two-headed ogres
  5 tengu warriors
  Urug (D:13)
  8 death yaks
  2 sun demons (D:14)
  A large abomination (D:14)
  3 pharaoh ants (Spider:1)
  The ghost of pkoi the Grappler, a novice DrTm of Sif Muna (D:9)
  A skeletal warrior (D:14)
  A deep troll (D:15)
  2 wizards
  A phantasmal warrior (D:14)
  A lindwurm (Lair:6)
  4 deep elf pyromancers
  Pikel (D:9)
  5 orc knights
  13 ugly things
  An orc sorcerer (D:15)
  3 cyclopes
  2 manticores
  28 elephants
  5 black mambas
  22 cane toads
  A guardian serpent (shapeshifter) (D:8)
  A rime drake (shapeshifter) (D:15)
  An unseen horror (D:11)
  A gargoyle (D:11)
  2 demonic crawlers (Spider:1)
  11 komodo dragons
  2 kobold demonologists
  3 rime drakes
  6 meliai
  A queen bee (D:13)
  8 trolls
  13 polar bears
  2 tarantellas (Spider:1)
  A snapping turtle (Lair:3)
  16 blink frogs
  4 slime creatures
  2 raiju (Lair:6)
  11 dream sheep
  A centaur simulacrum (D:15)
  A vampire (D:11)
  3 wraiths
  5 wyverns
  52 yaks
  15 humans (D:13)
  8 basilisks
  Grum (D:8)
  2 steam dragons
  6 redbacks
  4 wargs (Lair:6)
  8 vampire mosquitoes
  Duvessa (D:4)
  An acid dragon (D:13)
  20 water moccasins
  15 hell hounds (Lair:6)
  7 orc warriors
  11 black bears (Lair:6)
  4 ice beasts
  A sky beast (D:8)
  A necrophage (D:5)
  2 ogres
  4 boggarts (Lair:6)
  6 centaurs
  31 wolves
  2 lemures (D:9)
  10 kobold brigands
  9 bullfrogs
  Blork the orc (D:5)
  4 scorpions
  A wyvern zombie (D:8)
  A gnoll sergeant (D:10)
  2 small abominations (D:14)
  A water moccasin skeleton (D:4)
  Dowan (D:4)
  31 killer bees
  9 electric eels
  3 howler monkeys
  A bullfrog zombie (D:6)
  4 centaur zombies
  6 jellies
  A centaur skeleton (D:4)
  4 hounds (D:9)
  4 orc priests
  2 bullfrog skeletons (D:6)
  Ijyb (D:5)
  Terence (D:2)
  An iguana (D:6)
  3 orc wizards
  A scorpion zombie (D:5)
  A killer bee zombie (D:8)
  A hound zombie (D:3)
  Robin (D:2)
  2 howler monkey skeletons
  5 gnolls (D:10)
  A river rat (D:6)
  10 adders
  A shadow imp (D:7)
  An ufetubus (D:6)
  7 worms
  2 dart slugs
  38 orcs
  8 ball pythons
  8 endoplasms
  6 giant cockroaches
  24 goblins
  15 hobgoblins
  10 jackals
  39 kobolds
  2 quokkas
  7 bats
  2 frilled lizards (D:3)
  13 rats
741 creatures vanquished.

Vanquished Creatures (collateral kills)
  A basilisk (Lair:6)
1 creature vanquished.

Vanquished Creatures (others)
  An acid blob (D:13)
  A hydra (Lair:6)
  A centaur warrior (D:13)
  A wizard (D:15)
  A slime creature (Lair:1)
  2 yaks (Lair:1)
  A human (D:13)
  A basilisk (D:15)
  2 small abominations (D:14)
  An acid dragon (D:13)
  5 centaurs (D:15)
  61 jellies
  A howler monkey (D:14)
  An electric eel (Lair:1)
  An orc wizard (D:10)
  2 orcs (D:12)
  3 bushes (Lair:3)
  99 fungi
  165 plants
  5 toadstools (D:6)
355 creatures vanquished.

Grand Total: 1097 creatures vanquished

Notes
Turn   | Place    | Note
-------+----------+-------------------------------------------
     0 | D:1      | demenzo the Troll Monk began the quest for the Orb.
     0 | D:1      | Reached XP level 1. HP: 22/22 MP: 0/0
    57 | D:1      | Reached XP level 2. HP: 27/29 MP: 1/1
   290 | D:1      | Found Kaekil's Antique Weapon Emporium.
   338 | D:1      | Noticed a floating eye
   341 | D:1      | Found a faded altar of an unknown god.
   342 | D:1      | Noticed a shining eye
   342 | D:1      | Noticed a golden eye
   342 | D:1      | Noticed an eye of devastation
   354 | D:1      | Reached XP level 3. HP: 35/36 MP: 2/2
   463 | D:1      | Reached skill level 4 in Unarmed Combat
   666 | D:2      | Reached XP level 4. HP: 45/45 MP: 3/3
   792 | D:2      | Found a white marble altar of Elyvilon.
   813 | D:2      | Became a worshipper of Elyvilon the Healer
   813 | D:2      | Reached * piety under Elyvilon
   813 | D:2      | Reached ** piety under Elyvilon
   943 | D:2      | Noticed Robin
  1021 | D:2      | Killed Robin
  1022 | D:2      | Reached skill level 5 in Unarmed Combat
  1194 | D:2      | Noticed Terence
  1198 | D:2      | Killed Terence
  1199 | D:2      | Reached XP level 5. HP: 43/53 MP: 4/4
  1700 | D:3      | Reached skill level 6 in Unarmed Combat
  1977 | D:3      | Reached *** piety under Elyvilon
  2162 | D:4      | Noticed Duvessa
  2162 | D:4      | Noticed Dowan
  2290 | D:4      | Reached XP level 6. HP: 59/61 MP: 5/5
  2300 | D:4      | Reached skill level 7 in Unarmed Combat
  2479 | D:4      | Killed Duvessa
  2484 | D:4      | Killed Dowan
  2485 | D:4      | Reached XP level 7. HP: 21/67 MP: 6/6
  2846 | D:4      | Found a hazy altar of Hepliaklqana.
  2847 | D:4      | Found an ornate altar of the Wu Jian Council.
  2981 | D:5      | Entered Level 5 of the Dungeon
  3013 | D:4      | Reached skill level 8 in Unarmed Combat
  3127 | D:5      | Noticed Blork the orc
  3140 | D:5      | Killed Blork the orc
  3297 | D:5      | Noticed Ijyb
  3312 | D:5      | Killed Ijyb
  3455 | D:5      | Reached skill level 9 in Unarmed Combat
  3558 | D:5      | Reached XP level 8. HP: 75/75 MP: 7/7
  3601 | D:5      | Reached **** piety under Elyvilon
  3690 | D:5      | Reached skill level 10 in Unarmed Combat
  4098 | D:6      | Reached skill level 11 in Unarmed Combat
  4406 | D:6      | Found a glowing drain.
  4413 | Sewer    | Entered a sewer
  4460 | Sewer    | Reached XP level 9. HP: 81/81 MP: 8/8
  4644 | Sewer    | Reached skill level 12 in Unarmed Combat
  5175 | D:6      | Reached ***** piety under Elyvilon
  5851 | D:7      | Found a staircase to the Ecumenical Temple.
  5910 | Temple   | Entered the Ecumenical Temple
  6748 | D:8      | Reached skill level 13 in Unarmed Combat
  6775 | D:8      | Noticed a komodo dragon
  6778 | D:8      | Noticed a guardian serpent
  6779 | D:8      | Killed a komodo dragon
  6786 | D:8      | Killed a guardian serpent
  6786 | D:8      | Noticed Grum
  6850 | D:8      | Reached XP level 10. HP: 84/94 MP: 9/9
  6856 | D:8      | Killed Grum
  6857 | D:8      | Reached skill level 5 in Fighting
  7029 | D:8      | Noticed a centaur warrior
  7038 | D:8      | Killed a centaur warrior
  7039 | D:8      | Reached skill level 14 in Unarmed Combat
  7108 | D:8      | Noticed a two-headed ogre
  7115 | D:8      | Killed a two-headed ogre
  7621 | D:9      | Found a staircase to the Lair.
  7760 | D:9      | Identified the +1 trident of Salt {spect, Str+3 Dex-4}
  7778 | D:9      | Reached skill level 15 in Unarmed Combat
  7839 | D:9      | Noticed Pikel
  7854 | D:9      | Killed Pikel
  7915 | D:9      | Noticed Harold
  7923 | D:9      | Killed Harold
  7924 | D:9      | Reached XP level 11. HP: 82/107 MP: 10/10
  8375 | D:8      | Noticed a tengu warrior
  8375 | D:8      | Noticed a centaur warrior
  8444 | D:9      | Killed a tengu warrior
  8511 | D:8      | Killed a centaur warrior
  8658 | D:10     | Entered Level 10 of the Dungeon
  8891 | D:9      | Reached skill level 16 in Unarmed Combat
  9123 | D:10     | Reached ****** piety under Elyvilon
  9539 | Lair:1   | Entered Level 1 of the Lair of Beasts
  9835 | Lair:1   | Found a runed translucent gate.
  9835 | Lair:1   | Found a runed translucent gate.
  9835 | Lair:1   | Found a runed translucent gate.
  9836 | Lair:1   | Noticed pkoi's ghost (novice DrTm)
  9839 | Lair:1   | Found a viscous altar of Jiyva.
  9944 | D:9      | Killed pkoi's ghost
 10104 | Lair:1   | Fell from the grace of Elyvilon
 10104 | Lair:1   | Became a worshipper of Jiyva Justryhu the Shapeless
 10197 | Lair:1   | Reached skill level 17 in Unarmed Combat
 10197 | Lair:1   | Reached XP level 12. HP: 56/119 MP: 11/11
 10205 | Lair:1   | Noticed Gastronok
 10439 | Lair:1   | HP: 6/122 [basilisk (8)]
 10456 | Lair:1   | HP: 4/122 [basilisk (5)]
 10578 | Lair:1   | Reached * piety under Jiyva
 10949 | Lair:1   | Killed Gastronok
 11027 | Lair:2   | Reached ** piety under Jiyva
 11380 | Lair:2   | Reached skill level 18 in Unarmed Combat
 11469 | Lair:2   | Found a hole to the Spider Nest.
 11480 | Lair:2   | Reached *** piety under Jiyva
 11628 | Lair:2   | Gained mutation: You have acidic saliva. [Jiyva's grace]
 11628 | Lair:2   | Gained mutation: You passively dampen the noise of your
                  | surroundings. [Jiyva's grace]
 11628 | Lair:2   | Gained mutation: Your rubbery body absorbs attacks. (AC +1,
                  | EV +1) [Jiyva's grace]
 11628 | Lair:2   | Gained mutation: Your pliable body absorbs attacks. (AC +2,
                  | EV +2) [Jiyva's grace]
 12179 | Lair:3   | Reached **** piety under Jiyva
 12290 | Lair:3   | You fall into a shaft and drop 2 floors!
 12329 | Lair:4   | Reached XP level 13. HP: 120/131 MP: 12/12
 12399 | Lair:4   | HP: 3/133 [cane toad (13)]
 12442 | Lair:3   | Reached skill level 19 in Unarmed Combat
 12452 | Lair:3   | HP: 5/133 [rime drake (3)]
 12458 | Lair:3   | Reached ***** piety under Jiyva
 12529 | Lair:3   | Reached skill level 10 in Fighting
 12611 | Lair:3   | Found a staircase to the Shoals.
 13109 | Lair:4   | Gained mutation: You have a small jelly attached to you
                  | that senses nearby items. [Jiyva's grace]
 13109 | Lair:4   | Gained mutation: You are covered in slimy tendrils that may
                  | disarm your opponents. [Jiyva's grace]
 13109 | Lair:4   | Gained mutation: You have a pair of small antennae on your
                  | head. [Jiyva's grace]
 13109 | Lair:4   | Gained mutation: You have a pair of antennae on your head.
                  | [Jiyva's grace]
 13146 | Lair:4   | Found a runed translucent gate.
 13146 | Lair:4   | Found a runed translucent gate.
 13146 | Lair:4   | Found a runed translucent gate.
 13147 | Lair:4   | Noticed vvl's ghost (journeyman DrVM)
 13437 | Lair:4   | Reached skill level 20 in Unarmed Combat
 14110 | Lair:5   | Reached XP level 14. HP: 129/146 MP: 13/13
 14151 | Lair:5   | Reached skill level 1 in Armour
 14901 | Lair:6   | Entered Level 6 of the Lair of Beasts
 15009 | Lair:6   | Lost mutation: You have acidic saliva. [Jiyva's grace]
 15009 | Lair:6   | Lost mutation: Your pliable body absorbs attacks. (AC +2,
                  | EV +2) [Jiyva's grace]
 15009 | Lair:6   | Gained mutation: You are agile. (Dex +2) [Jiyva's grace]
 15009 | Lair:6   | Gained mutation: You are very agile. (Dex +4) [Jiyva's
                  | grace]
 15009 | Lair:6   | Gained mutation: Your movements are slightly less
                  | encumbered by armour. (ER -2) [Jiyva's grace]
 15009 | Lair:6   | Gained mutation: Your movements are less encumbered by
                  | armour. (ER -4) [Jiyva's grace]
 15193 | Lair:6   | Noticed an azure jelly
 15193 | Lair:6   | a seven-headed hydra changed into an azure jelly
 15348 | Lair:6   | Reached skill level 21 in Unarmed Combat
 15378 | Lair:6   | Found a viscous altar of Jiyva.
 15378 | Lair:6   | Found a staircase to the Slime Pits.
 15886 | Lair:6   | Reached ****** piety under Jiyva
 16291 | Slime:1  | Entered Level 1 of the Pits of Slime
 16291 | Slime:1  | Noticed an acid blob
 16364 | Slime:2  | Noticed an azure jelly
 16368 | Slime:2  | Noticed an acid blob
 16369 | Slime:2  | Noticed a quicksilver ooze
 16399 | Slime:2  | Noticed an azure jelly
 16463 | Slime:2  | Noticed a rockslime
 16517 | Slime:2  | Noticed a rockslime
 16517 | Slime:2  | Noticed a rockslime
 16543 | Slime:2  | Noticed a rockslime
 16687 | Slime:3  | Noticed an acid blob
 16687 | Slime:3  | Noticed an acid blob
 16702 | Slime:3  | Noticed a rockslime
 16710 | Slime:3  | Noticed a rockslime
 16836 | Slime:3  | Noticed an azure jelly
 16836 | Slime:3  | Noticed a rockslime
 16922 | Slime:4  | Noticed an acid blob
 17043 | Slime:5  | Entered Level 5 of the Pits of Slime
 17062 | Slime:5  | Found a viscous altar of Jiyva.
 17063 | Slime:5  | Noticed the Royal Jelly
 17063 | Slime:5  | Noticed an acid blob
 17065 | Slime:5  | Noticed an azure jelly
 17066 | Slime:5  | Noticed an acid blob
 17075 | Slime:5  | Identified the +3 leather armour of Greed {rElec rPois}
 17083 | Slime:5  | Identified the ring of Isame {Fire Str+2 Slay+3}
 17093 | Slime:5  | Identified the ring of Baty {Contam rF+ Will+ MP+9}
 17095 | Slime:5  | Identified the +2 pair of boots of Zosoul {Str+6}
 17108 | Slime:5  | Got a slimy rune of Zot
 17162 | Slime:1  | Noticed an azure jelly
 17162 | Slime:1  | Noticed a rockslime
 17162 | Slime:1  | Noticed an azure jelly
 17636 | D:11     | Lost mutation: You have a small jelly attached to you that
                  | senses nearby items. [Jiyva's grace]
 17636 | D:11     | Gained mutation: You have acidic saliva. [Jiyva's grace]
 17636 | D:11     | Gained mutation: You have a small jelly attached to you
                  | that may absorb projectiles. [Jiyva's grace]
 17636 | D:11     | Gained mutation: You have a small jelly attached to you
                  | that senses nearby items. [Jiyva's grace]
 17636 | D:11     | Gained mutation: Your melee attacks may engulf your foes in
                  | ooze. [Jiyva's grace]
 17978 | D:11     | Identified a scroll of acquirement
 17978 | D:11     | Acquired +1 pearl dragon scales
 18182 | D:12     | Found a staircase to the Orcish Mines.
 18224 | D:12     | Reached XP level 15. HP: 143/156 MP: 14/14
 18744 | D:13     | Noticed Nessos
 18744 | D:13     | Noticed Urug
 18744 | D:13     | Noticed Rupert
 18744 | D:13     | Found a gate to the Vaults.
 18843 | D:13     | Slimified Rupert
 18843 | D:13     | Noticed Rupert
 18843 | D:13     | Rupert changed into Rupert the acid blob
 18849 | D:13     | Killed Rupert the acid blob
 18855 | D:13     | Noticed Nessos
 18855 | D:13     | Nessos changed into Nessos the polar bear
 18860 | D:13     | Killed Nessos the polar bear
 18865 | D:13     | Killed Urug
 18866 | D:13     | Reached skill level 22 in Unarmed Combat
 19118 | D:13     | Lost mutation: You have acidic saliva. [Jiyva's grace]
 19118 | D:13     | Lost mutation: You have a small jelly attached to you that
                  | senses nearby items. [Jiyva's grace]
 19118 | D:13     | Lost mutation: You have a small jelly attached to you that
                  | may absorb projectiles. [Jiyva's grace]
 19118 | D:13     | Gained mutation: You are strong-willed. (Will+) [Jiyva's
                  | grace]
 19118 | D:13     | Gained mutation: You are highly strong-willed. (Will++)
                  | [Jiyva's grace]
 19118 | D:13     | Gained mutation: You are extremely strong-willed. (Will+++)
                  | [Jiyva's grace]
 19118 | D:13     | Gained mutation: You are partially covered in iridescent
                  | scales. (AC +2) [Jiyva's grace]
 19259 | D:13     | Reached skill level 5 in Armour
 19574 | D:14     | Found an opulent altar of Gozag.
 19814 | D:14     | Reached skill level 1 in Shields
 20404 | D:14     | Found a sacrificial altar of Ru.
 20520 | D:15     | Entered Level 15 of the Dungeon
 20666 | D:15     | Found a staircase to the Depths.
 20951 | D:15     | Lost mutation: You have a pair of antennae on your head.
                  | [Jiyva's grace]
 20951 | D:15     | Lost mutation: You have a pair of small antennae on your
                  | head. [Jiyva's grace]
 20951 | D:15     | Lost mutation: You are partially covered in iridescent
                  | scales. (AC +2) [Jiyva's grace]
 20951 | D:15     | Lost mutation: You are very agile. (Dex +4) [Jiyva's grace]
 20951 | D:15     | Lost mutation: You are extremely strong-willed. (Will+++)
                  | [Jiyva's grace]
 20951 | D:15     | Lost mutation: You are covered in slimy tendrils that may
                  | disarm your opponents. [Jiyva's grace]
 20951 | D:15     | Lost mutation: Your movements are less encumbered by
                  | armour. (ER -4) [Jiyva's grace]
 20951 | D:15     | Gained mutation: You passively map a small area around you.
                  | [Jiyva's grace]
 20951 | D:15     | Gained mutation: You passively map the area around you.
                  | [Jiyva's grace]
 20951 | D:15     | Gained mutation: You passively map a large area around you.
                  | [Jiyva's grace]
 20951 | D:15     | Gained mutation: Your translucent skin slightly reduces
                  | your foes' accuracy. (Stealth+) [Jiyva's grace]
 21353 | Spider:1 | Entered Level 1 of the Spider Nest
 21355 | Spider:1 | Noticed an emperor scorpion
 21364 | Spider:1 | Killed an emperor scorpion
 21460 | Spider:1 | Mangled by a pharaoh ant

Illustrated notes

Levels and vault maps discovered:
D:1:      lemuel_arrival_funnel, layout_basic,
          hellmonk_ecumenical_altar_watching_god, serial_shops,
          nicolae_shop_advertising_works [nicolae_subvault_shop_adworks]
D:2:      layout_basic, basic_altar, minmay_joined_circles, uniq_robin,
          uniq_terence
D:3:      layout_loops_ring, chequers_serial_rivers_marsh
D:4:      layout_rooms, minitemple, uniq_duvessa
D:5:      layout_gridville, uniq_blork_the_orc, uniq_ijyb
D:6:      cheibrodos_fertilizer, layout_basic, gup_sewer_entry_spiral
D:7:      layout_loops_ring, minmay_temple_entry_gardened_gates,
          minmay_door_square
D:8:      minmay_diamond_stairs, layout_rooms, uniq_grum
D:9:      layout_roguey, erik_lair_island, uniq_pikel, uniq_harold
D:10:     layout_irregular_city
D:11:     layout_long_grid
D:12:     layout_stronghold, david_orc_5
D:13:     layout_roguey [special_room_bee], david_vaults_3
D:14:     dreamdust_black_sun_cult, layout_grid_maze, hangedman_ru_absence,
          minmay_misc_feat_doors, grunt_gozag_breadcrumbs
D:15:     hangedman_depths_entry_civil_slaughter, layout_long_grid,
          grunt_decor_mini_mirrors
Temple:   mainiacjoe_temple_cubbyholes
Lair:1:   hellmonk_warped_wall, layout_regular_city, gammafunk_ghost_ooze,
          st_stairs_7, chequers_serial_rivers_room_b,
          eino_small_chamber_without_monster, uniq_gastronok
Lair:2:   layout_gridlike, spider_nest_entry_webs, grunt_megastairs_4,
          serial_bayou_shore_b
Lair:3:   layout_regular_city, minmay_shoals_entry_hut,
          eino_small_chamber_without_monster, minmay_hedge_maze,
          serial_bayou_pond_b, grunt_megastairs_1, lemuel_fruit_tree,
          infiniplex_staircase_pool, lemuel_fruit_fields
Lair:4:   layout_regular_city, ebering_ghost_rock_garden, grunt_megastairs_3
Lair:5:   layout_regular_city, serial_bayou_lagoon_b
Lair:6:   hangedman_lair_caniforms_friends, layout_regular_city, slime_altar_1,
          kilobyte_rumbling_trees
Spider:1: layout_spider_delve, nicolae_spider_webbed_stairs
Slime:1:  layout_caves
Slime:2:  layout_caves
Slime:3:  cheibrodos_slime_lost_civilization_8, layout_caves
Slime:4:  layout_caves
Slime:5

Skill      XL: |  1  2  3  4  5  6  7  8  9 10 11 12 13 14 15 |
---------------+----------------------------------------------+-----
Unarmed Combat | 4 5 6 7 9 11 13 15 17 18 20 21 22 | 22.8
Fighting       | 3 4 6 8 9 11 12 | 12.8
Dodging        | 3 4 |  4.0
Armour         | 4 6 |  6.2
Shields        | 3 |  3.2
Stealth        | |  1.0

Action                   |  1- 3 |  4- 6 |  7- 9 | 10-12 | 13-15 || total
-------------------------+-------+-------+-------+-------+-------++-------
Melee: Unarmed           |    87 |   175 |   311 |   474 |  1026 ||  2073
       Punch             |     1 |     6 |    13 |    46 |    90 ||   156
       Bite              |       |       |       |     6 |    56 ||    62
 Fire: Hunting sling     |       |       |     7 |       |       ||     7
Invok: Slimify           |       |       |       |       |     4 ||     4
Evoke: Wand              |       |       |       |       |     1 ||     1
  Use: Scroll            |       |       |    13 |     4 |    10 ||    27
       Potion            |       |       |       |     4 |     3 ||     7
 Stab: Sleeping          |     2 |     4 |     5 |     2 |     1 ||    14
       Invisible         |       |       |       |     3 |       ||     3
       Distracted        |       |       |       |       |     2 ||     2
Armor: Robe              |    25 |    33 |       |       |       ||    58
       Animal skin       |       |       |    65 |     6 |       ||    71
       Steam dragon scal |       |       |       |   136 |   183 ||   319
       Pearl dragon scal |       |       |       |       |   155 ||   155
Dodge: Dodged            |    47 |    87 |   151 |   282 |   550 ||  1117
Block: Kite shield       |       |       |       |       |    73 ||    73
